TOP OF THE 1ST |
Detroit Tigers batting - Pitching for Chicago White Sox : RHP Ross Stripling
|
Pitching: RHP Ross Stripling
|
|
Batting: RHB Jean Segura
|
0-0: Ball 1-0: SINGLE (Groundball, 56D, EV 111.3 MPH)
|
Batting: RHB Starling Marte
|
0-0: Foul Ball, location: 2F 0-1: Fielders Choice at 2nd, 5-4 (Groundball, 56S, EV 81.9 MPH)
|
Batting: LHB Corey Dickerson
|
0-0: DOUBLE (Line Drive, 7LD, EV 105.0 MPH) Starling Marte to third Runner from 3rd tries for Home, SAFE, throw by LF to home
|
Batting: RHB Khris Davis
|
0-0: SINGLE (Groundball, 56D, EV 104.4 MPH) Corey Dickerson to third
|
Batting: SHB Kendrys Morales
|
0-0: Swinging Strike 0-1: Ball 1-1: Swinging Strike 1-2: Ball 2-2: Foul Ball, location: 2F 2-2: Foul Ball, location: 2F 2-2: Strikes out swinging
|
Batting: RHB George Springer
|
0-0: Ball Pickoff Throw to First - Out! 1-3
|
Top of the 1st over - 1 run, 3 hits, 0 errors, 1 left on base; Detroit 1 - Chicago 0 |
BOTTOM OF THE 1ST |
Chicago White Sox batting - Pitching for Detroit Tigers : RHP Joe Ross
|
Pitching: RHP Joe Ross
|
|
Batting: RHB Drew Jackson
|
0-0: Ball 1-0: Called Strike 1-1: Called Strike 1-2: Ball 2-2: Foul Ball, location: 2F 2-2: Hit by Pitch
|
Batting: LHB Michael Brantley
|
0-0: Ball 1-0: Ball 2-0: SINGLE (Groundball, 34S, EV 83.1 MPH) (infield hit) Drew Jackson to second
|
Batting: RHB Justin Turner
|
0-0: Foul Ball, location: 2F 0-1: Ball 1-1: Called Strike 1-2: SINGLE (Line Drive, 9S, EV 98.1 MPH) Drew Jackson to third Michael Brantley to second
|
Batting: LHB Corey Seager
|
0-0: DOUBLE (Line Drive, 89D, EV 104.4 MPH) Drew Jackson scores Michael Brantley scores Justin Turner to third
|
Batting: LHB Brandon Belt
|
0-0: DOUBLE (Groundball, 3L, EV 106.3 MPH) Justin Turner scores Corey Seager scores
|
Batting: SHB Melky Cabrera
|
0-0: Fly out, F8 (Flyball, 8RM, EV 89.4 MPH)
|
Batting: LHB Andrew Toles
|
0-0: Foul Ball, location: 2F 0-1: Foul Ball, location: 2F 0-2: Fly out, F7 (Line Drive, 7D, EV 95.6 MPH)
|
Batting: LHB Marco Hernandez
|
0-0: SINGLE (Groundball, 5S, EV 65.6 MPH) (infield hit) Brandon Belt to third
|
Batting: RHB Alex Murphy
|
0-0: Foul Ball, location: 2F 0-1: Called Strike 0-2: Ball 1-2: Ball 2-2: Foul Ball, location: 2F 2-2: Strikes out swinging
|
Bottom of the 1st over - 4 runs, 5 hits, 0 errors, 2 left on base; Detroit 1 - Chicago 4 |
TOP OF THE 2ND |
Detroit Tigers batting - Pitching for Chicago White Sox : RHP Ross Stripling
|
Batting: RHB George Springer
|
0-0: Swinging Strike 0-1: Ball 1-1: Foul Ball, location: 2F 1-2: Foul Ball, location: 2F 1-2: Ball 2-2: Strikes out looking
|
Batting: RHB Elias Diaz
|
0-0: Foul Ball, location: 2F 0-1: Foul Ball, location: 2F 0-2: Ball 1-2: Ball 2-2: Foul Ball, location: 2F 2-2: Foul Ball, location: 2F 2-2: Foul Ball, location: 2F 2-2: Ground out 1-3 (Groundball, 13, EV 90.0 MPH)
|
Batting: LHB Kolten Wong
|
0-0: Ball 1-0: Foul Ball, location: 2F 1-1: Ball 2-1: Called Strike 2-2: Ball 3-2: SOLO HOME RUN (Flyball, 9LD, EV 93.8 MPH), Distance : 346 ft
|
Batting: RHB J.D. Davis
|
0-0: Ball 1-0: Ball 2-0: DOUBLE (Line Drive, 78XD, EV 105.6 MPH)
|
Batting: RHB Jean Segura
|
0-0: Called Strike 0-1: Foul Ball, location: 2F 0-2: Ball 1-2: Strikes out swinging
|
Top of the 2nd over - 1 run, 2 hits, 0 errors, 1 left on base; Detroit 2 - Chicago 4 |
BOTTOM OF THE 2ND |
Chicago White Sox batting - Pitching for Detroit Tigers : RHP Joe Ross
|
Batting: RHB Drew Jackson
|
0-0: Called Strike 0-1: Swinging Strike 0-2: Ball 1-2: Foul Ball, location: 2F 1-2: Ball 2-2: Ball 3-2: Foul Ball, location: 2F 3-2: Base on Balls
|
Batting: LHB Michael Brantley
|
0-0: Ball 1-0: Fielders Choice at 2nd, 4-6 (Groundball, 34, EV 80.0 MPH)
|
Batting: RHB Justin Turner
|
0-0: Ball 1-0: Fly out, F8 (Flyball, 8LM, EV 91.3 MPH)
|
Batting: LHB Corey Seager
|
0-0: Swinging Strike 0-1: Fly out, F3 (Popup, 3SF, EV 78.1 MPH)
|
Bottom of the 2nd over - 0 runs, 0 hits, 0 errors, 1 left on base; Detroit 2 - Chicago 4 |
TOP OF THE 3RD |
Detroit Tigers batting - Pitching for Chicago White Sox : RHP Ross Stripling
|
Batting: RHB Starling Marte
|
0-0: Foul Ball, location: 2F 0-1: Ball 1-1: Called Strike 1-2: Fly out, F8 (Flyball, 8LM, EV 81.3 MPH)
|
Batting: LHB Corey Dickerson
|
0-0: Ball 1-0: Foul Ball, location: 2F 1-1: Ball 2-1: Ball 3-1: Called Strike 3-2: Foul Ball, location: 2F 3-2: SINGLE (Groundball, 4MD, EV 101.3 MPH)
|
Batting: RHB Khris Davis
|
0-0: Fielders Choice at 2nd, 6-4 (Groundball, 6, EV 85.0 MPH)
|
Batting: SHB Kendrys Morales
|
0-0: Ball 1-0: Called Strike 1-1: Called Strike 1-2: Strikes out looking
|
Top of the 3rd over - 0 runs, 1 hit, 0 errors, 1 left on base; Detroit 2 - Chicago 4 |
BOTTOM OF THE 3RD |
Chicago White Sox batting - Pitching for Detroit Tigers : RHP Joe Ross
|
Batting: LHB Brandon Belt
|
0-0: SOLO HOME RUN (Flyball, 9D, EV 105.0 MPH), Distance : 358 ft
|
Batting: SHB Melky Cabrera
|
0-0: Ball 1-0: Called Strike 1-1: Ball 2-1: SINGLE (Line Drive, 9S, EV 90.6 MPH)
|
Batting: LHB Andrew Toles
|
0-0: Ball 1-0: Called Strike 1-1: Called Strike 1-2: Foul Ball, location: 2F 1-2: Ball 2-2: Ball 3-2: Strikes out swinging
|
Batting: LHB Marco Hernandez
|
0-0: Ball 1-0: Ball 2-0: Ball 3-0: Fly out, F9 (Flyball, 9D, EV 96.3 MPH)
|
Batting: RHB Alex Murphy
|
0-0: Called Strike 0-1: Ball 1-1: Swinging Strike 1-2: Strikes out swinging
|
Bottom of the 3rd over - 1 run, 2 hits, 0 errors, 1 left on base; Detroit 2 - Chicago 5 |
TOP OF THE 4TH |
Detroit Tigers batting - Pitching for Chicago White Sox : RHP Ross Stripling
|
Batting: RHB George Springer
|
0-0: Ball 1-0: Swinging Strike 1-1: Ball 2-1: Called Strike 2-2: Ball 3-2: Strikes out looking
|
Batting: RHB Elias Diaz
|
0-0: Ball 1-0: SINGLE (Flyball, 34D, EV 90.6 MPH)
|
Batting: LHB Kolten Wong
|
0-0: Foul Ball, location: 2F 0-1: Ground out 4-3 (Groundball, 34, EV 108.8 MPH) Elias Diaz to second
|
Batting: RHB J.D. Davis
|
0-0: Called Strike 0-1: Called Strike 0-2: Strikes out swinging
|
Top of the 4th over - 0 runs, 1 hit, 0 errors, 1 left on base; Detroit 2 - Chicago 5 |
BOTTOM OF THE 4TH |
Chicago White Sox batting - Pitching for Detroit Tigers : RHP Joe Ross
|
Batting: RHB Drew Jackson
|
0-0: Swinging Strike 0-1: Foul Ball, location: 2F 0-2: Ball 1-2: Strikes out swinging
|
Batting: LHB Michael Brantley
|
0-0: Called Strike 0-1: Called Strike 0-2: Ground out 6-3 (Groundball, 6, EV 91.3 MPH)
|
Batting: RHB Justin Turner
|
0-0: Foul Ball, location: 2F 0-1: Ground out U3 (Groundball, 34S, EV 80.0 MPH)
|
Bottom of the 4th over - 0 runs, 0 hits, 0 errors, 0 left on base; Detroit 2 - Chicago 5 |
TOP OF THE 5TH |
Detroit Tigers batting - Pitching for Chicago White Sox : RHP Ross Stripling
|
Batting: RHB Jean Segura
|
0-0: Ball 1-0: Ball 2-0: Called Strike 2-1: SINGLE (Line Drive, 9LS, EV 95.0 MPH)
|
Batting: RHB Starling Marte
|
0-0: Foul Ball, location: 2F 0-1: Foul Ball, location: 2F 0-2: Foul Ball, location: 2F 0-2: Hit by Pitch Jean Segura to second
|
Pitching: LHP Richard Lovelady
|
|
Batting: LHB Corey Dickerson
|
0-0: Ball 1-0: Foul Ball, location: 2F 1-1: Fly out, F8 (Flyball, 89D, EV 105.6 MPH)
|
Pitching: LHP Jared Miller
|
|
Batting: RHB Khris Davis
|
0-0: Ball 1-0: Ball 2-0: Ball 3-0: Base on Balls Jean Segura to third Starling Marte to second
|
Batting: SHB Kendrys Morales
|
0-0: Called Strike 0-1: Fly out, F9 (Flyball, 9S, EV 83.1 MPH)
|
Batting: RHB George Springer
|
0-0: Foul Ball, location: 2F 0-1: Called Strike 0-2: Strikes out swinging
|
Top of the 5th over - 0 runs, 1 hit, 0 errors, 3 left on base; Detroit 2 - Chicago 5 |
BOTTOM OF THE 5TH |
Chicago White Sox batting - Pitching for Detroit Tigers : RHP Joe Ross
|
Batting: LHB Corey Seager
|
0-0: Ball 1-0: SINGLE (Flyball, 89S, EV 96.9 MPH)
|
Pitching: RHP Tyler Chatwood
|
|
Batting: LHB Brandon Belt
|
0-0: Ball 1-0: Ball 2-0: Ball 3-0: Called Strike 3-1: SINGLE (Line Drive, 7S, EV 108.1 MPH) Corey Seager to second
|
Batting: SHB Melky Cabrera
|
0-0: Ball 1-0: Ball 2-0: Called Strike 2-1: Ball 3-1: Base on Balls Corey Seager to third Brandon Belt to second
|
Batting: LHB Andrew Toles
|
0-0: Ball 1-0: Ball 2-0: Called Strike 2-1: Foul Ball, location: 2F 2-2: Foul Ball, location: 2F 2-2: Ball 3-2: Fly out, F2 (Popup, 15S, EV 93.8 MPH)
|
Batting: LHB Marco Hernandez
|
0-0: Called Strike 0-1: Ball 1-1: Ball 2-1: Fly out, F8 (Flyball, 8LM, EV 91.3 MPH) Runner from 3rd tags up, SCORES, throw by CF
|
Batting: RHB Alex Murphy
|
0-0: Foul Ball, location: 2F 0-1: Swinging Strike 0-2: Foul Ball, location: 2F 0-2: Ball 1-2: Foul Ball, location: 2F 1-2: Strikes out swinging
|
Bottom of the 5th over - 1 run, 2 hits, 0 errors, 2 left on base; Detroit 2 - Chicago 6 |
TOP OF THE 6TH |
Detroit Tigers batting - Pitching for Chicago White Sox : LHP Jared Miller
|
Batting: RHB Elias Diaz
|
0-0: Ball 1-0: Ball 2-0: Foul Ball, location: 2F 2-1: Ground out 6-3 (Groundball, 6, EV 86.9 MPH)
|
Batting: LHB Kolten Wong
|
0-0: Foul Ball, location: 2F 0-1: Foul Ball, location: 2F 0-2: Strikes out looking
|
Batting: RHB J.D. Davis
|
0-0: Ball 1-0: Ball 2-0: Fly out, F7 (Line Drive, 7, EV 108.1 MPH)
|
Top of the 6th over - 0 runs, 0 hits, 0 errors, 0 left on base; Detroit 2 - Chicago 6 |
BOTTOM OF THE 6TH |
Chicago White Sox batting - Pitching for Detroit Tigers : RHP Tyler Chatwood
|
Batting: RHB Drew Jackson
|
0-0: Called Strike 0-1: Foul Ball, location: 2F 0-2: Ball 1-2: Strikes out swinging
|
Pitching: RHP Wilmer Font
|
|
Batting: LHB Michael Brantley
|
0-0: Called Strike 0-1: Foul Ball, location: 2F 0-2: DOUBLE (Groundball, 3L, EV 103.1 MPH)
|
Batting: RHB Justin Turner
|
0-0: Called Strike 0-1: Ball 1-1: Foul Ball, location: 2F 1-2: Strikes out swinging
|
Batting: LHB Corey Seager
|
0-0: Ball 1-0: Ball 2-0: Foul Ball, location: 2F 2-1: SINGLE (Line Drive, 9LS, EV 97.5 MPH) Michael Brantley to third
|
Batting: LHB Brandon Belt
|
0-0: Foul Ball, location: 2F 0-1: Ball 1-1: Foul Ball, location: 2F 1-2: Ball 2-2: Strikes out swinging
|
Bottom of the 6th over - 0 runs, 2 hits, 0 errors, 2 left on base; Detroit 2 - Chicago 6 |
TOP OF THE 7TH |
Detroit Tigers batting - Pitching for Chicago White Sox : LHP Jared Miller
|
Pitching: RHP Trevor Gott
|
|
Batting: RHB Jean Segura
|
0-0: Foul Ball, location: 2F 0-1: Ball 1-1: Ground out 1-3 (Groundball, 15S, EV 74.4 MPH)
|
Batting: RHB Starling Marte
|
0-0: Foul Ball, location: 2F 0-1: Ground out 4-3 (Groundball, 4, EV 82.5 MPH)
|
Batting: LHB Corey Dickerson
|
0-0: Ball 1-0: Ball 2-0: Called Strike 2-1: Foul Ball, location: 2F 2-2: Strikes out swinging, 2-3 out at first.
|
Top of the 7th over - 0 runs, 0 hits, 0 errors, 0 left on base; Detroit 2 - Chicago 6 |
BOTTOM OF THE 7TH |
Chicago White Sox batting - Pitching for Detroit Tigers : RHP Wilmer Font
|
Batting: SHB Melky Cabrera
|
0-0: Ball 1-0: SOLO HOME RUN (Flyball, 9D, EV 92.5 MPH), Distance : 357 ft
|
Batting: LHB Andrew Toles
|
0-0: Ball 1-0: Foul Ball, location: 2F 1-1: Ball 2-1: Foul Ball, location: 2F 2-2: Ball 3-2: Foul Ball, location: 2F 3-2: Foul Ball, location: 2F 3-2: Strikes out swinging
|
Batting: LHB Marco Hernandez
|
0-0: Fly out, F8 (Flyball, 8LS, EV 86.3 MPH)
|
Batting: RHB Alex Murphy
|
0-0: Foul Ball, location: 2F 0-1: Ball 1-1: Ball 2-1: Swinging Strike 2-2: Strikes out swinging
|
Bottom of the 7th over - 1 run, 1 hit, 0 errors, 0 left on base; Detroit 2 - Chicago 7 |
TOP OF THE 8TH |
Detroit Tigers batting - Pitching for Chicago White Sox : RHP Trevor Gott
|
Batting: RHB Khris Davis
|
0-0: Foul Ball, location: 2F 0-1: Foul Ball, location: 2F 0-2: Strikes out swinging
|
Batting: SHB Kendrys Morales
|
0-0: Ball 1-0: Ball 2-0: Ball 3-0: Base on Balls
|
Batting: RHB George Springer
|
0-0: Called Strike 0-1: Ball 1-1: Called Strike 1-2: Strikes out looking
|
Batting: RHB Elias Diaz
|
0-0: Ball 1-0: Ball 2-0: Ball 3-0: Called Strike 3-1: Called Strike 3-2: Strikes out swinging
|
Top of the 8th over - 0 runs, 0 hits, 0 errors, 1 left on base; Detroit 2 - Chicago 7 |
BOTTOM OF THE 8TH |
Chicago White Sox batting - Pitching for Detroit Tigers : RHP Wilmer Font
|
Batting: RHB Drew Jackson
|
0-0: Called Strike 0-1: Swinging Strike 0-2: Ball 1-2: Strikes out swinging
|
Batting: LHB Michael Brantley
|
0-0: Ball 1-0: Ball 2-0: DOUBLE (Line Drive, 9LM, EV 104.4 MPH)
|
Pitching: LHP Jarret Martin
|
|
Batting: RHB Justin Turner
|
0-0: Ball 1-0: Called Strike 1-1: SINGLE (Flyball, 8LS, EV 86.9 MPH) Michael Brantley to third
|
Batting: LHB Corey Seager
|
0-0: Ball 1-0: Foul Ball, location: 2F 1-1: Ball 2-1: Swinging Strike 2-2: Foul Ball, location: 2F 2-2: Grounds into double play, 5-4-3 (Groundball, 56, EV 85.6 MPH)
|
Bottom of the 8th over - 0 runs, 2 hits, 0 errors, 1 left on base; Detroit 2 - Chicago 7 |
TOP OF THE 9TH |
Detroit Tigers batting - Pitching for Chicago White Sox : RHP Trevor Gott
|
Batting: LHB Kolten Wong
|
0-0: Swinging Strike 0-1: Foul Ball, location: 2F 0-2: Strikes out swinging
|
Batting: RHB J.D. Davis
|
0-0: Ball 1-0: Fly out, F7 (Flyball, 78D, EV 102.5 MPH)
|
Pitching: LHP Blake Weiman
|
|
Batting: RHB Jean Segura
|
0-0: Ball 1-0: Foul Ball, location: 2F 1-1: Swinging Strike 1-2: Strikes out swinging
|
Top of the 9th over - 0 runs, 0 hits, 0 errors, 0 left on base; Detroit 2 - Chicago 7 |
|